 Dungeon Crawl Stone Soup version 0.19-a0-1071-g4ed3155 (webtiles) character file.

12364 4thArraOfDagon the Severer (level 11, -4/102 HPs)
             Began as a Minotaur Berserker on Aug 5, 2016.
             Was a High Priest of Trog.
             Slain by an orc warrior
             ... wielding a +0 long sword
             ... led by an orc knight
              (7 damage)
             ... on level 2 of the Orcish Mines.
             The game lasted 00:15:55 (2714 turns).

4thArraOfDagon the Severer (Minotaur Berserker)     Turns: 2714, Time: 00:15:56

Health: -4/102     AC: 18    Str: 24    XL:     11   Next: 61%
Magic:  10/10      EV:  8    Int:  4    God:    Trog [*****.]
Gold:   298        SH:  0    Dex: 11    Spells: 0 memorised, 10 levels left

rFire  . . .     SeeInvis .     F - +0 broad axe
rCold  . . .     Gourm    .     d - +0 plate armour
rNeg   . . .     Faith    .     (no shield)
rPois  .         Spirit   .     h - +2 hat
rElec  .         Dismiss  .     C - +0 cloak
rCorr  .         Reflect  .     (no gloves)
SustAt .         Harm     .     (no boots)
MR     .....                    z - amulet of regeneration
Stlth  ..........               (no ring)
                                (no ring)

@: lethally poisoned (-4 -> -8), exhausted, slowed, very slow
A: retaliatory headbutt, hooves 1, horns 2
a: Berserk, Trog's Hand, Brothers in Arms, Burn Spellbooks, Renounce Religion


You were on level 2 of the Orcish Mines.
You worshipped Trog.
Trog was extremely pleased with you.
You were very hungry.

You visited 2 branches of the dungeon, and saw 15 of its levels.

You collected 580 gold pieces.
You spent 282 gold pieces at shops.

Inventory:

Hand Weapons
 a - a +0 hand axe
 F - a +0 broad axe (weapon)
Missiles
 H - 3 poisoned tomahawks (quivered)
Armour
 b - a +0 animal skin
 d - a +0 plate armour (worn)
 h - a +2 hat (worn)
 j - a cursed -2 chain mail
 C - a +0 cloak (worn)
Jewellery
 z - an amulet of regeneration (around neck)
Wands
 t - a wand of flame (23/48)
 A - a wand of teleportation (2/9)
Scrolls
 e - 2 scrolls of enchant weapon {unknown}
 g - 3 scrolls of magic mapping {unknown}
 i - 4 scrolls of identify {unknown}
 m - 4 scrolls of random uselessness {unknown}
 o - a scroll of fear {unknown}
 p - 2 scrolls of blinking {unknown}
 q - a scroll of noise {unknown}
 u - 2 scrolls of immolation {unknown}
 v - a scroll of enchant armour {unknown}
 w - a scroll of vulnerability {unknown}
 x - 2 scrolls of amnesia {unknown}
 y - a scroll of recharging {unknown}
 D - 2 scrolls of teleportation {unknown}
Potions
 f - a potion of heal wounds {unknown}
 k - 2 potions of haste {unknown}
 l - 3 potions of magic
 n - a potion of degeneration {unknown}
 r - a potion of lignification {unknown}
 s - a potion of beneficial mutation {unknown}
 B - a potion of curing {unknown}
Books
 E - a book of Geomancy

   Spells                             Type                      Level
   a - Sandblast                      Earth                        1
   b - Passwall                       Transmutation/Earth          2
   c - Stone Arrow                    Conjuration/Earth            3
   d - Petrify                        Transmutation/Earth          4
   e - Lee's Rapid Deconstruction     Earth                        5
   Trog disapproves of the use of such an item.
Comestibles
 c - 4 bread rations
 G - 2 chunks of flesh


   Skills:
 - Level 11.0 Fighting
 * Level 15.5 Axes
 + Level 11.5 Armour
 - Level 2.1 Dodging


You had 10 spell levels left.
You didn't know any spells.

Dungeon Overview and Level Annotations

Branches:
Dungeon (13/15)            Temple (0/1) D:7             Orc (2/2) D:12
    Elf (0/3) Orc:2
   Lair: D:8-11      Vaults: D:13-14

Altars:
Elyvilon
Yredelemnul
Beogh

Shops:
D:8 %   D:11 =   Orc:2 *!![

Annotations:
Orc:1 Maurice


Innate Abilities, Weirdness & Mutations

You reflexively headbutt those who attack you in melee.
You have a pair of horns on your head.
You have large cloven feet.


Message History

You are exhausted.
You feel yourself slow down.
You are feeling very hungry.
* * * LOW HITPOINT WARNING * * *
You feel sick.
The orc warrior no longer looks unusually strong. x2
Unknown command.
Unknown command.
Unknown command.
It was a potion of magic.
Magic courses through your body.
* * * LOW HITPOINT WARNING * * *
You feel sick.
The orc warrior no longer looks unusually strong.
The orc wizard no longer looks unusually strong.
The orc knight roars a battlecry!
The orcs go into a battle-frenzy!
The hellwing swoops through the air toward you!
The hellwing hits you but does no damage. x2
The orc warrior hits you with a long sword!
You die...

.$................
..................
......o.o......... ..
#.oo)o3....o...
....#.))o........o
.......o)oo.o.....
........oo3o............ #
#.#######oo######........ # #
#.._ #.@#...∩#...$.... ## #...
#4.#....#........ . ...
#..#....#........ #
#.###'###..#....#........ #
#..........##)###......$. #
#..8...8.....)...........
###.###..........##'###........
.................#....#........
#######.###.###..#....#........


You could see an orc knight, an orc high priest, a hellwing, a smoke demon, a
chaos spawn, 7 orc warriors, an orc wizard and 6 orcs.

Vanquished Creatures
  5 orc high priests (Orc:2)
  2 unseen horrors
  An orc knight (Orc:2)
  2 cyclopes
  2 kobold demonologists (D:12)
  A two-headed ogre (Orc:1)
  2 hippogriffs
  8 wargs (Orc:2)
  A sky beast (D:11)
  15 orc warriors
  3 ice beasts
  10 ogres
  2 centaurs
  A big kobold (D:11)
  5 giant frogs
  2 scorpions
  4 wights (D:12)
  2 howler monkeys
  A crimson imp (D:7)
  A giant frog zombie (D:6)
  33 orc priests
  5 hounds
  5 orc wizards
  An iguana (D:6)
  5 worker ants
  7 sheep
  A worker ant zombie (D:11)
  4 adders
  3 shadow imps
  An ooze (D:2)
  An adder skeleton (D:4)
  A dart slug (D:4)
  4 giant geckos
  80 orcs
  A giant cockroach (D:5)
  A hobgoblin (D:2)
  A quokka (D:4)
  2 ball pythons
  2 bats
  A giant newt (D:4)
  A jackal skeleton (D:4)
  9 kobolds
  2 rats
241 creatures vanquished.

Notes
Turn   | Place    | Note
-------+----------+-------------------------------------------
     0 | D:1      | 4thArraOfDagon the Minotaur Berserker began the quest for the Orb.
     0 | D:1      | Reached XP level 1. HP: 19/19 MP: 0/0
    49 | D:2      | Reached XP level 2. HP: 24/27 MP: 1/1
    50 | D:2      | Reached skill level 4 in Axes
   217 | D:4      | Noticed an ogre
   220 | D:4      | Reached XP level 3. HP: 33/33 MP: 2/2
   224 | D:4      | Killed an ogre
   224 | D:4      | Reached skill level 5 in Axes
   224 | D:4      | Reached XP level 4. HP: 41/41 MP: 3/3
   271 | D:4      | Reached XP level 5. HP: 47/47 MP: 4/4
   280 | D:4      | Reached ** piety under Trog
   324 | D:4      | Reached skill level 5 in Fighting
   407 | D:5      | Entered Level 5 of the Dungeon
   415 | D:5      | Reached skill level 6 in Axes
   430 | D:5      | Found a basalt altar of Yredelemnul.
   472 | D:5      | Noticed a centaur
   483 | D:5      | Killed a centaur
   483 | D:5      | Reached XP level 6. HP: 52/56 MP: 5/5
   490 | D:5      | Found a white marble altar of Elyvilon.
   649 | D:6      | Reached skill level 7 in Axes
   650 | D:6      | Reached skill level 5 in Armour
   703 | D:7      | Found a staircase to the Ecumenical Temple.
   703 | D:7      | Noticed a hippogriff
   795 | D:7      | Noticed an ice beast
   816 | D:7      | Reached XP level 7. HP: 62/62 MP: 6/6
   819 | D:7      | Killed a hippogriff
   819 | D:7      | Reached skill level 8 in Axes
   968 | D:7      | Reached XP level 8. HP: 71/71 MP: 7/7
   990 | D:8      | Found Tuppaiha's Food Emporium.
  1021 | D:8      | Reached skill level 9 in Axes
  1163 | D:9      | 4thArraOfDagon: lefavw
  1185 | D:9      | You fall through a shaft for 2 floors!
  1220 | D:11     | Noticed a cyclops
  1237 | D:11     | Killed a cyclops
  1237 | D:11     | Reached skill level 10 in Axes
  1238 | D:11     | Reached *** piety under Trog
  1306 | D:11     | Killed an unseen horror
  1306 | D:11     | Reached skill level 11 in Axes
  1306 | D:11     | Reached XP level 9. HP: 37/81 MP: 8/8
  1336 | D:11     | Found Haownadgh's Jewellery Emporium.
  1368 | D:10     | Entered Level 10 of the Dungeon
  1412 | D:11     | You fall through a shaft for 2 floors!
  1617 | D:12     | Killed an unseen horror
  1617 | D:12     | Reached skill level 12 in Axes
  1697 | D:11     | Gained mutation: You are robust. (+10% HP) [mutagenic meat]
  1700 | D:11     | Gained mutation: You have large cloven feet. [mutagenic meat]
  1703 | D:11     | Lost mutation: You are robust. (+10% HP) [mutagenic meat]
  1778 | D:12     | Noticed a kobold demonologist
  1778 | D:12     | Noticed a kobold demonologist
  1785 | D:12     | Killed a kobold demonologist
  1785 | D:12     | Reached XP level 10. HP: 91/91 MP: 9/9
  1849 | D:12     | Found a roughly hewn altar of Beogh.
  1849 | D:12     | Found a staircase to the Orcish Mines.
  1899 | Orc:1    | Entered Level 1 of the Orcish Mines
  1911 | Orc:1    | Reached **** piety under Trog
  1969 | Orc:2    | Entered Level 2 of the Orcish Mines
  1990 | Orc:1    | Noticed a cyclops
  1994 | Orc:1    | Killed a cyclops
  1994 | Orc:1    | Reached skill level 10 in Fighting
  1994 | Orc:1    | Reached skill level 13 in Axes
  2140 | Orc:2    | Reached skill level 10 in Armour
  2159 | Orc:1    | Found a roughly hewn altar of Beogh.
  2161 | Orc:1    | Noticed Maurice
  2270 | Orc:1    | Noticed an orc sorcerer
  2324 | Orc:2    | Noticed an orc high priest
  2327 | Orc:2    | Killed an orc high priest
  2327 | Orc:2    | Reached skill level 14 in Axes
  2328 | Orc:2    | Reached XP level 11. HP: 66/101 MP: 10/10
  2364 | Orc:2    | Found Ybus's Distillery.
  2364 | Orc:2    | Found Masygg's Assorted Antiques.
  2383 | Orc:2    | Bought a scroll labeled GOCVYO WEDURE for 24 gold pieces
  2383 | Orc:2    | Bought a scroll labeled FIWKAX VICUNKY for 24 gold pieces
  2383 | Orc:2    | Bought a scroll labeled DAISKO VEHEM for 24 gold pieces
  2383 | Orc:2    | Bought a fizzy pink potion for 21 gold pieces
  2383 | Orc:2    | Bought a scroll labeled ROS QU QOC for 24 gold pieces
  2383 | Orc:2    | Bought a scroll labeled CYSEKH ROLY for 24 gold pieces
  2383 | Orc:2    | Bought a fizzy black potion for 21 gold pieces
  2387 | Orc:2    | Bought a thick diamond amulet for 120 gold pieces
  2397 | Orc:2    | Noticed an orc high priest
  2414 | Orc:2    | Killed an orc high priest
  2498 | Orc:2    | Noticed an orc high priest
  2512 | Orc:2    | Killed an orc high priest
  2512 | Orc:2    | Reached ***** piety under Trog
  2533 | Orc:2    | Noticed an orc high priest
  2552 | Orc:2    | Killed an orc high priest
  2576 | Orc:2    | Reached skill level 15 in Axes
  2638 | Orc:2    | Noticed an orc high priest
  2648 | Orc:2    | Killed an orc high priest
  2656 | Orc:2    | Found Keteppu's Distillery.
  2656 | Orc:2    | Found Itezuesu's Antique Armour Emporium.
  2670 | Orc:2    | meh
  2679 | Orc:2    | Found a roughly hewn altar of Beogh.
  2691 | Orc:2    | Noticed an orc knight
  2696 | Orc:2    | Noticed an orc knight
  2697 | Orc:2    | Noticed an orc high priest
  2703 | Orc:2    | Killed an orc knight
  2704 | Orc:2    | Found a staircase to the Elven Halls.
  2707 | Orc:2    | Paralysed by a chaos spawn for 2 turns
  2710 | Orc:2    | HP: 7/153 [poisoned by an orc warrior]
  2714 | Orc:2    | HP: 3/102 [poisoned by an orc warrior]
  2714 | Orc:2    | Slain by an orc warrior

Vault maps used:
D:1:      matt_arrival_grand_opening, minmay_octomino_c4
D:2:      nicolae_overflow_crystal_walls, grunt_qazlal_clouds,
          lemuel_doored_altar, grunt_ministairs_1, uniq_iyjb, uniq_sigmund
D:3:      grunt_temple_overflow_gold_and_silver, makhleb_blood_cavern_becter
D:4:      dk_rats_in_the_wall
D:5:      nicolae_overflow_hidden_temple, yredelemnul_altar_generic,
          marbit_many_paths, first_bread
D:6:      nicolae_dithmenos_shadow_blocks, serial_shops,
          nicolae_shop_behind_doors
D:8:      lemuel_round_altar, serial_shops, shop
D:9:      lair_0_dummy, hangedman_little_slice_of_home
D:10:     uniq_snorg
D:11:     serial_shops, shop
D:12:     david_orc_5
D:13:     minmay_misc_feat_x, uniq_sonja
Orc:1:    basic_altar, uniq_maurice
Orc:2:    st_orc_town, serial_shops, nicolae_shop_competitors_out_of_business,
          mines_bat_river

Skill      XL: |  1  2  3  4  5  6  7  8  9 10 11 |
---------------+----------------------------------+-----
Fighting       | 4 5 6 8 9 10 11 | 11.0
Axes           | 4 5 6 7 8 11 12 14 15 | 15.5
Armour         | 3 4 5 6 7 9 10 11 | 11.5
Dodging        | |  2.1

Action                   |  1- 3 |  4- 6 |  7- 9 | 10-12 || total
-------------------------+-------+-------+-------+-------++-------
Melee: Hand axe          |    21 |    69 |   124 |       ||   214
       Headbutt          |     2 |    13 |    40 |    66 ||   121
       Battleaxe         |       |       |    54 |    94 ||   148
       Kick              |       |       |     4 |   114 ||   118
       Broad axe         |       |       |       |   199 ||   199
       Unarmed           |       |       |       |     3 ||     3
Throw: Tomahawk          |       |       |       |     2 ||     2
Invok: Berserk           |     1 |     3 |     4 |     9 ||    17
       Trog's Hand       |       |       |     8 |     8 ||    16
  Use: Scroll            |       |       |     2 |       ||     2
       Potion            |       |       |       |     1 ||     1
  Eat: Chunk             |       |     3 |     9 |    11 ||    23
       Fruit             |       |       |     3 |       ||     3
       Beef jerky        |       |       |     1 |       ||     1
       Meat ration       |       |       |       |     1 ||     1
Armor: Plate armour      |    15 |    81 |   163 |   171 ||   430
       Animal skin       |     2 |       |       |       ||     2
Dodge: Dodged            |    18 |    47 |    53 |   110 ||   228
